 Dungeon Crawl Stone Soup version 0.31-a0-1036-g31867e143a (webtiles) character file.

Game seed: 3962529525994357782

64 Descartes the Grasshopper (level 4, -4/33 HPs)
             Began as a Formicid Warper on Nov 19, 2023.
             Slain by a gnoll
             ... wielding a +0 flail
             ... led by the fury of Okawaru
              (8 damage)
             ... on level 2 of the Dungeon.
             The game lasted 00:01:44 (573 turns).

Descartes the Grasshopper (Formicid Warper)          Turns: 573, Time: 00:01:44

Health: -4/33      AC:  5    Str: 17    XL:     4   Next: 32%
Magic:  7/7        EV: 11    Int: 13    God:
Gold:   46         SH:  0    Dex: 13    Spells: 7/7 levels left

rFire   . . .        a - +0 hand axe
rCold   . . .        (no shield)
rNeg    . . .        d - +0 ring mail
rPois   .            (helmet unavailable)
rElec   .            (no cloak)
rCorr   .            (no gloves)
SInv    +            (no boots)
Will    .....        (no amulet) Stlth
                     (no ring)
HPRegen 0.25/turn    (no ring)
MPRegen 0.10/turn

%: no passive effects
@: confused
A: permanent stasis, dig shafts and tunnels, antennae 3, four strong arms
a: Dig, Shaft Self


You were on level 2 of the Dungeon.
You visited 1 branch of the dungeon, and saw 2 of its levels.

You collected 46 gold pieces.

Inventory:

Hand Weapons
 a - a +0 hand axe (weapon)
 h - a +4 dagger of venom
Missiles
 c - 7 darts of dispersal (quivered)
Armour
 b - a +0 leather armour
 d - a +0 ring mail (worn)
Jewellery
 g - a ring of poison resistance
Scrolls
 e - a scroll of noise {unknown}
Potions
 f - a potion of heal wounds {unknown}


   Skills:
 - Level 2.1 Fighting
 - Level 2.0 Axes
 - Level 1.0 Throwing
 - Level 1.1 Armour
 - Level 1.7 Dodging
 - Level 2.1 Spellcasting
 + Level 4.4 Translocations


You had 7 spell levels left.
You didn't know any spells.
Your spell library contained the following spells:

 Spells                   Type           Power      Damage    Failure   Level
 Lesser Beckoning         Tloc           24%        N/A       12%         2
 Teleport Other           Tloc           12%        N/A       22%         3
 Manifold Assault         Tloc           12%        N/A       58%         4
 Blink                    Tloc           Unusable   N/A       N/A         2
 Vhi's Electric Charge    Tloc/Air       Unusable   N/A       N/A         4

Dungeon Overview and Level Annotations

Branches:
Dungeon (2/15)

Altars:
Okawaru


Innate Abilities, Weirdness & Mutations

You cannot be hasted, slowed, berserked, paralysed or teleported.
You can dig through walls and to a lower floor.
You have a pair of large antennae on your head. (SInv)
Your four strong arms can wield two-handed weapons with a shield.


Message History

You hit Jessica.
You kill Jessica!
You hit the adder.
You feel sick. The adder bites you but does no damage.
Your Translocations skill increases to level 4!
You have reached level 4!
You feel clever.
You hit the adder.
The adder is severely wounded.
You feel sick. The adder misses you. The adder bites you.
You are more poisoned.
The adder poisons you!
You slash the adder!
You kill the adder!
You feel sick.
No target in view!
You feel sick.
You feel sick.
Things that are here:
a +4 dagger of venom; a +0 robe; the human corpse of Jessica
h - a +4 dagger of venom You feel sick.
You feel sick.
You feel sick.
You feel sick.
You feel sick.
You are no longer poisoned.
Okawaru sends forces against you! The divine experience confuses you!
You are confused.
A gnoll sergeant and 5 gnolls come into view.
You are too confused!
The gnoll shouts! x4
The gnoll attacks as it pursues you! The gnoll closely misses you.
The gnoll hits you with a +0 flail! The gnoll sergeant closely misses you.
The gnoll hits you with a +0 spear.
The gnoll sergeant attacks as it pursues you!
The gnoll sergeant hits you from afar with a +0 trident!
The gnoll hits you from afar with a +0 spear.
* * * LOW HITPOINT WARNING * * *
The gnoll hits you with a +0 flail!
You die...

.......<.##..####.......+
.###.#.#................#
.. #.#................#
.#
#.#.#..#....#.####<######
..#....#......#..†#......
###...........#.#.#......
#..#.#....#.#......[...
######..........###......
........@####.### #......
.......g.# #.# #......
.......gg# #.## ##.....
......g.g# #..## ####..
.......g.# ##..# ###...#
.........# ##.###.....#
.........# #.##....###
.........# #..>..###
.........# ###.#.#


You could see a gnoll sergeant and 5 gnolls.

Vanquished Creatures
  Jessica (D:2)
  2 adders (D:2)
  3 ball pythons (D:1)
  A bat (D:1)
  3 endoplasms (D:1)
  3 hobgoblins (D:1)
  A jackal (D:1)
  A kobold (D:1)
  2 quokkas (D:1)
  2 frilled lizards (D:1)
  A rat (D:1)
20 creatures vanquished.

Notes
Turn   | Place    | Note
-------+----------+-------------------------------------------
     0 | D:1      | Descartes the Formicid Warper began the quest for the Orb.
     0 | D:1      | Reached XP level 1. HP: 16/16 MP: 3/3
   125 | D:1      | Reached skill level 3 in Translocations
   153 | D:1      | Reached XP level 2. HP: 20/22 MP: 5/5
   340 | D:1      | Reached XP level 3. HP: 27/27 MP: 6/6
   356 | D:1      | Found a faded altar of an unknown god.
   391 | D:1      | Prayed at the altar of an unknown god.
   391 | D:1      | Became a worshipper of Warmaster Okawaru
   391 | D:1      | Reached * piety under Okawaru
   392 | D:1      | Fell from the grace of Okawaru
   493 | D:2      | Noticed Jessica
   499 | D:2      | Killed Jessica
   500 | D:2      | Reached skill level 4 in Translocations
   500 | D:2      | Reached XP level 4. HP: 26/33 MP: 7/7
   570 | D:2      | Noticed a gnoll sergeant
   573 | D:2      | Slain by a gnoll

Illustrated notes

Levels and vault maps discovered:
D:1:      pf_arrival_petrified_forest, layout_loops_ring,
          dreamdust_ecumenical_altar_sealed_demon, nrook_uturn
D:2:      layout_basic, uniq_jessica

Skill      XL: |  1  2  3 |
---------------+----------+-----
Translocations | 3 4 |  4.4
Fighting       | |  2.1
Axes           | |  2.0
Throwing       | |  1.0
Armour         | |  1.1
Dodging        | |  1.7
Spellcasting   | |  2.1

Action                     |  1- 3 |  4- 6 || total
---------------------------+-------+-------++-------
  Melee: Hand axe          |    60 |     2 ||    62
 Invoke: Renounce Religion |     1 |       ||     1
 Armour: Leather armour    |     9 |       ||     9
         Ring mail         |    24 |     6 ||    30
  Dodge: Dodged            |    37 |     3 ||    40

Table legend: (Time is in decaauts)
 A = Elapsed time spent in this place.
 B = Non-inter-level travel time spent in this place.
 C = Inter-level travel time spent in this place.
 D = Time resting spent in this place.
 E = Time spent auto-exploring this place.
 F = Levels seen in this place.
 G = Mean time per level.
                   A        B        C        D        E       F      G
               +--------+--------+--------+--------+--------+-----+--------+
         Total |    585 |    550 |     35 |      0 |    378 |   2 |  292.5 |
       Dungeon |    585 |    550 |     35 |      0 |    378 |   2 |  292.5 |
               +--------+--------+--------+--------+--------+-----+--------+

Top non-repeatable levels by time:
     D:1: 438 daAuts
     D:2: 146 daAuts
